 Dungeon Crawl Stone Soup version 0.31-a0-486-g8d68a81214 (webtiles) character file.

Game seed: 11051929144113037438

3432 Newt the Skirmisher (level 10, -5/66 HPs)
             Began as a Kobold Hunter on Aug 7, 2023.
             Shot with an arrow by a centaur warrior (22 damage)
             ... on level 9 of the Dungeon.
             The game lasted 00:08:17 (6973 turns).

Newt the Skirmisher (Kobold Hunter)                 Turns: 6973, Time: 00:08:18

Health: -5/66      AC:  6    Str:  8    XL:     10   Next: 25%
Magic:  10/10      EV: 23    Int: 18    God:
Gold:   599        SH: 12    Dex: 22    Spells: 9/9 levels left

rFire   . . .        G - +0 sling
rCold   . . .        F - +2 buckler "Naikhifa" {Harm Slay+2}
rNeg    . . .        c - +0 leather armour
rPois   .            g - +0 helmet
rElec   +            (no cloak)
rCorr   .            p - +0 pair of gloves
SInv    +            C - +0 pair of boots
Will    .....        m - amulet of reflection
Stlth   +++          j - ring of the Briny Deep {Wiz Drain rElec Int+6 SInv}
HPRegen 0.31/turn    n - +5 ring of evasion
MPRegen 0.12/turn

%: harm (+30% outgoing, +20% incoming), reflection, wizardry (x1)
@: no status effects
A: small, no large weapons, nightstalker 3
a: no special abilities


You were on level 9 of the Dungeon.
You visited 2 branches of the dungeon, and saw 10 of its levels.
You also visited: Ossuary.

You collected 599 gold pieces.

Inventory:

Hand Weapons
 a - a +3 shortbow
 G - a +0 sling (weapon)
Armour
 c - a +0 leather armour (worn)
 g - a +0 helmet (worn)
 p - a +0 pair of gloves (worn)
 C - a +0 pair of boots (worn)
 E - a +2 kite shield
 F - the +2 buckler "Naikhifa" (worn) {Harm Slay+2}
   (You acquired it on level 9 of the Dungeon)

   Slay:      It affects your accuracy & damage with ranged weapons and melee
   (+2).
   Harm:      It increases damage dealt and taken.
Jewellery
 e - a ring of protection from fire
 j - the ring of the Briny Deep (left hand) {Wiz Drain rElec Int+6 SInv}
   (You acquired it on level 5 of the Dungeon)

   [ring of wizardry]

   It improves your spell success rate.
   Int:       It affects your intelligence (+6).
   rElec:     It insulates you from electricity.
   SInv:      It lets you see invisible.
   Drain:     It drains your maximum health when unequipped.
 m - an amulet of reflection (around neck)
 n - a +5 ring of evasion (right hand)
Wands
 k - a wand of polymorph (4)
 o - a wand of flame (17)
 y - a wand of roots (7)
 D - a wand of paralysis (8)
Scrolls
 b - a scroll of butterflies
 i - 4 scrolls of fog
 r - a scroll of teleportation
 x - a scroll of revelation
Potions
 d - a potion of mutation
 f - 3 potions of enlightenment
 h - 3 potions of resistance
 l - a potion of attraction
 q - a potion of magic
 s - a potion of heal wounds
 t - a potion of lignification
 u - 4 potions of curing
 v - 2 potions of brilliance
 w - a potion of invisibility
 z - a potion of berserk rage
 A - a potion of ambrosia
 B - a potion of cancellation


   Skills:
 - Level 9.0 Fighting
 - Level 14.0 Ranged Weapons
 + Level 7.0 Dodging
 - Level 1.3 Stealth


You had 9 spell levels left.
You didn't know any spells.
Your spell library contained the following spells:

 Spells                   Type           Power      Damage    Failure   Level
 Slow                     Hex            0%         N/A       21%         1
 Confusing Touch          Hex            0%         N/A       50%         3
 Vampiric Draining        Necr           0%         2d6       50%         3
 Volatile Blastmotes      Fire/Tloc      0%         2d10      50%         3
 Anguish                  Hex/Necr       0%         N/A       87%         4
 Cause Fear               Hex            0%         N/A       87%         4
 Fulminant Prism          Conj/Hex       0%         3d5       87%         4
 Iskenderun's Mystic Bla  Conj/Tloc      0%         2d3       87%         4
 Enfeeble                 Hex            0%         N/A       100%        7


Dungeon Overview and Level Annotations

Branches:
Dungeon (9/15)             Temple (1/1) D:4         Ossuary (visited)
   Lair: D:8-11         Orc: D:9-12

Altars:
Ashenzari
Cheibriados
Dithmenos
Elyvilon
Fedhas
Kikubaaqudgha
Okawaru
Qazlal
Ru
Uskayaw
Vehumet
Xom
Yredelemnul
Zin
The Shining One

Shops:
D:5 (   D:8 *


Innate Abilities, Weirdness & Mutations

You are small and have problems with some larger weapons.
You are completely attuned to the shadows.


Message History

There is an open door here.
You open the door.
There is an open door here.
You open the door.
Found a pair of boots.
There is an open door here.
A centaur warrior comes into view.
A centaur warrior is nearby!
You shoot a sling bullet.
The sling bullet hits the centaur warrior!
The centaur warrior shouts!
The centaur warrior is moderately wounded.
The centaur warrior wields a +0 orcbow.
The centaur warrior shoots an arrow.
The arrow hits you!
You shoot a sling bullet.
The sling bullet hits the centaur warrior.
The centaur warrior is moderately wounded.
The centaur warrior shoots an arrow.
You block the arrow with an invisible shield... and reflect it back!
The arrow hits the centaur warrior!
You shoot a sling bullet.
The sling bullet hits the centaur warrior but does no damage.
The centaur warrior is heavily wounded.
The centaur warrior shoots an arrow.
The arrow hits you!
You shoot a sling bullet.
The sling bullet hits the centaur warrior but does no damage.
The centaur warrior is heavily wounded.
The centaur warrior shoots an arrow.
The arrow hits you!
* * * LOW HITPOINT WARNING * * *
You are too injured to fight recklessly!
You are too injured to fight recklessly!
Unknown command.
Fire: G) +0 sling
Press: ? - help, Shift-Dir - straight line, f/p - centaur warrior
Aim: a centaur warrior, wielding a +0 orcbow (heavily wounded, 78% to hit)
You shoot a sling bullet.
The sling bullet hits the centaur warrior.
The centaur warrior is heavily wounded.
The centaur warrior shoots an arrow.
The arrow hits you!!
You die...

#######
......######
......'....########
....@.####.##.....#
...[|.# #.##.....#
c.....# #..'.....#
......#######.....#
#######.## #.....#
##...####.....#
#.....#.##'####
#.....#.....#
#.........#.#


You could see a centaur warrior.

Vanquished Creatures
  Pikel (D:5)
  Joseph (D:8)
  A hornet (D:8)
  Grinder (D:3)
  An unseen horror simulacrum (D:9)
  An acid dragon (D:8)
  An ice beast (D:8)
  A black bear (D:5)
  4 ogres
  2 centaurs
  A lemure (D:5)
  Blork the orc (D:4)
  An elf zombie (D:4)
  2 elf skeletons (D:4)
  2 bullfrogs (D:8)
  2 scorpions
  An electric eel (D:9)
  4 howler monkeys (D:8)
  A human zombie (D:4)
  3 hounds
  A jelly (D:8)
  Natasha (twice) (D:3)
  A human skeleton (D:4)
  2 iguanas
  3 orc wizards
  9 mummies
  8 adders
  A worm (D:3)
  3 dart slugs
  22 orcs
  6 bats
  5 endoplasms
  2 giant cockroaches (D:1)
  A gnoll zombie (Ossuary)
  6 goblins
  7 hobgoblins
  10 jackals
  6 quokkas
  4 ball pythons
  2 frilled lizards
  A hobgoblin zombie (Ossuary)
  9 kobolds
  4 kobold zombies (Ossuary)
  3 orc zombies
  4 rats
154 creatures vanquished.

Vanquished Creatures (others)
  An ufetubus (D:9)
1 creature vanquished.

Grand Total: 155 creatures vanquished

Notes
Turn   | Place    | Note
-------+----------+-------------------------------------------
     0 | D:1      | Newt the Kobold Hunter began the quest for the Orb.
     0 | D:1      | Reached XP level 1. HP: 12/12 MP: 1/1
   107 | D:1      | Reached XP level 2. HP: 18/18 MP: 2/2
   371 | D:1      | Reached XP level 3. HP: 20/23 MP: 3/3
  1081 | D:2      | Reached XP level 4. HP: 30/30 MP: 4/4
  1769 | D:3      | Reached skill level 5 in Fighting
  2011 | D:3      | Reached XP level 5. HP: 35/35 MP: 5/5
  2041 | D:3      | Noticed Natasha
  2048 | D:3      | Killed Natasha
  2049 | D:3      | Reached skill level 6 in Ranged Weapons
  2159 | D:3      | Noticed Grinder
  2162 | D:3      | Paralysed by Grinder for 4 turns
  2169 | D:3      | Paralysed by Grinder for 2 turns
  2172 | D:3      | Killed Grinder
  2173 | D:3      | Reached skill level 8 in Ranged Weapons
  2173 | D:3      | Reached XP level 6. HP: 26/40 MP: 6/6
  2362 | D:3      | Noticed Natasha
  2365 | D:3      | Killed Natasha
  2419 | D:4      | Noticed Blork the orc
  2423 | D:4      | Killed Blork the orc
  2424 | D:4      | Reached skill level 9 in Ranged Weapons
  2424 | D:4      | Reached XP level 7. HP: 41/44 MP: 7/7
  2616 | D:4      | Reached skill level 10 in Ranged Weapons
  2634 | D:4      | Found a staircase to the Ecumenical Temple.
  2643 | Temple   | Entered the Ecumenical Temple
  2916 | D:4      | Reached XP level 8. HP: 49/49 MP: 8/8
  3079 | D:4      | Found a sand-covered staircase.
  3097 | D:4      | Reached skill level 5 in Dodging
  3100 | Ossuary  | Entered an ossuary
  3440 | D:4      | Found a stormy altar of Qazlal.
  3684 | D:4      | Reached skill level 11 in Ranged Weapons
  3871 | D:5      | Entered Level 5 of the Dungeon
  3891 | D:5      | Identified a scroll of acquirement
  3891 | D:5      | Acquired the ring of the Briny Deep {Wiz Drain rElec Int+6
                  | SInv}
  3901 | D:5      | Found Hazephaq's Weapon Emporium.
  4226 | D:5      | Reached skill level 12 in Ranged Weapons
  4226 | D:5      | Reached XP level 9. HP: 54/54 MP: 9/9
  4333 | D:5      | Noticed Pikel
  4348 | D:5      | Killed Pikel
  4349 | D:5      | Reached skill level 13 in Ranged Weapons
  4456 | D:5      | Reached skill level 14 in Ranged Weapons
  5028 | D:6      | You fall into a shaft and drop 2 floors!
  5132 | D:8      | Found Zaer's General Store.
  5305 | D:8      | Found a snail-covered altar of Cheibriados.
  5521 | D:8      | Noticed Joseph
  5780 | D:8      | Killed Joseph
  5781 | D:8      | Reached XP level 10. HP: 38/64 MP: 10/10
  6127 | D:8      | Found a shimmering altar of Xom.
  6406 | D:8      | Found a radiant altar of Vehumet.
  6875 | D:9      | Acquired the +2 buckler "Naikhifa" {Harm Slay+2}
  6968 | D:9      | Noticed a centaur warrior
  6973 | D:9      | Shot with an arrow by a centaur warrior

Illustrated notes

Levels and vault maps discovered:
D:1:      nicolae_arrival_escape_room, layout_basic
D:2:      layout_basic
D:3:      layout_loops_ring, chequers_serial_rivers_room_b, uniq_grinder,
          uniq_natasha
D:4:      layout_loops_ring, kennysheep_little_box, minmay_temple_entry_glass,
          portal_sewer_entry_d, nicolae_ossuary_entry_catacombs,
          uniq_blork_the_orc
D:5:      layout_loops_corners, serial_shops, shop_fountains, uniq_pikel
D:6:      layout_basic, nicolae_overflow_hidden_temple,
          hangedman_minor_gate_pass
D:7:      layout_layer_cave, overflow_temple_1_default,
          mainiacjoe_overflow_catwalk
D:8:      layout_loops_corners, slow_altar_2, mainiacjoe_overflow_alcove_4,
          fiery_altar_vehumet, serial_shops, shop,
          chequers_serial_rivers_room_a, mrwooster_statue_mirror, uniq_joseph
D:9:      layout_roguey, mainiacjoe_overflow_tiny_flanked, serial_ice,
          serial_ice_j, serial_ice_c, serial_ice_n, serial_ice_e,
          minmay_door_square, corexii_leaking_fountain, st_stairs_3,
          chequers_serial_rivers_room_b, uniq_prince_ribbit1
Temple:   bh_familiar_temple

Skill      XL: |  1  2  3  4  5  6  7  8  9 10 |
---------------+-------------------------------+-----
Fighting       | 3 4 5 7 9 |  9.0
Ranged Weapons | 8 9 10 12 14 | 14.0
Dodging        | 4 6 7 |  7.0
Stealth        | |  1.3

Action                     |  1- 3 |  4- 6 |  7- 9 | 10-12 || total
---------------------------+-------+-------+-------+-------++-------
  Melee: Unarmed           |       |     5 |       |       ||     5
   Fire: Shortbow          |    60 |   107 |   370 |    42 ||   579
         Sling             |       |       |       |     5 ||     5
    Use: Scroll            |     2 |     3 |    14 |     1 ||    20
         Potion            |     1 |     1 |     6 |       ||     8
 Armour: Leather armour    |     2 |    18 |    15 |     1 ||    36
         Skin              |       |     1 |     3 |       ||     4
  Dodge: Dodged            |     9 |    58 |   131 |    11 ||   209
  Block: Other             |       |     1 |    36 |     6 ||    43
         Reflection        |       |       |     4 |     1 ||     5
         Buckler           |       |       |       |     1 ||     1

Table legend: (Time is in decaauts)
 A = Elapsed time spent in this place.
 B = Non-inter-level travel time spent in this place.
 C = Inter-level travel time spent in this place.
 D = Time resting spent in this place.
 E = Time spent auto-exploring this place.
 F = Levels seen in this place.
 G = Mean time per level.
                   A        B        C        D        E       F      G
               +--------+--------+--------+--------+--------+-----+--------+
         Total |   6961 |   6594 |    367 |    761 |   4619 |  11 |  632.8 |
       Dungeon |   6686 |   6319 |    367 |    761 |   4437 |   9 |  742.9 |
        Temple |      1 |      1 |      0 |      0 |      0 |   1 |    1.0 |
       Ossuary |    273 |    273 |      0 |      0 |    182 |   1 |  273.0 |
               +--------+--------+--------+--------+--------+-----+--------+

Top non-repeatable levels by time:
     D:8: 1489 daAuts
     D:4: 1175 daAuts
     D:5: 1096 daAuts
     D:2: 870 daAuts
     D:3: 830 daAuts
     D:1: 749 daAuts
 Ossuary: 273 daAuts
     D:7: 221 daAuts
     D:9: 205 daAuts
     D:6: 45 daAuts
  Temple: 1 daAuts
